 Dungeon Crawl Stone Soup version 0.29.1-15-g9cfb28693d (webtiles) character file.

Game seed: 10464918508525283205

109 Atelerd the Digger (level 4, 0/27 HPs)
             Began as an Octopode Earth Elementalist on May 1, 2023.
             Slain by Grinder (6 damage)
             ... on level 4 of the Dungeon.
             The game lasted 00:02:08 (2569 turns).

Atelerd the Digger (Octopode Earth Elementalist)    Turns: 2569, Time: 00:02:09

Health: 0/27       AC:  3    Str:  7    XL:     4   Next: 89%
Magic:  5/9        EV: 13    Int: 19    God:
Gold:   194        SH:  0    Dex: 12    Spells: 5/10 levels left

rFire   . . .      SeeInvis .   b - +0 short sword
rCold   . . .      Faith    .   (no shield)
rNeg    . . .      Spirit   .   (helmet restricted)
rPois   .          Reflect  .   (no amulet)
rElec   .          Harm     .   (no ring)
rCorr   .          Rampage  .   (no ring)
Will    .....                   (no ring)
Stlth   +++.......              (no ring)
HPRegen 0.09/turn               (no ring)
MPRegen 0.11/turn               (no ring)
                                (no ring)
                                (no ring)

@: attractive
A: almost no armour, amphibious, 8 rings, camouflage 1, gelatinous body 1,
(nimble swimmer 1), tentacles, fangs 2, iridescent scales 1
a: no special abilities


You were on level 4 of the Dungeon.
You visited 1 branch of the dungeon, and saw 4 of its levels.

You collected 194 gold pieces.

Inventory:

Hand Weapons
 b - a +0 short sword (weapon)
 s - a +2 short sword of distortion
Missiles
 r - a throwing net
Armour
 c - a +0 buckler
Scrolls
 e - 2 scrolls of immolation {unknown}
 f - 5 scrolls of butterflies {unknown}
 h - 2 scrolls of acquirement {unknown}
 j - a scroll of teleportation {unknown}
 k - 2 scrolls of identify {unknown}
 l - a scroll of enchant armour {unknown}
 m - 3 scrolls of fear {unknown}
 o - a scroll of vulnerability {unknown}
 p - a scroll of magic mapping {unknown}
Potions
 a - a potion of magic
 d - 2 potions of attraction
 g - a potion of brilliance {unknown}
 i - a potion of mutation
 n - a potion of might {unknown}
 q - a potion of haste {unknown}
 t - a potion of curing {unknown}


   Skills:
 + Level 0.2 Fighting
 + Level 0.8 Short Blades
 - Level 2.0 Dodging
 - Level 2.6 Stealth
 + Level 0.3 Unarmed Combat
 + Level 3.5 Spellcasting
 + Level 1.0 Transmutations
 + Level 4.0 Earth Magic


You had 5 spell levels left.
You knew the following spells:

 Your Spells              Type           Power      Damage    Failure   Level
a - Sandblast             Erth           36%        2d10      2%          1
p - Petrify               Tmut/Erth      12%        N/A       45%         4

Your spell library contained the following spells:

 Spells                   Type           Power      Damage    Failure   Level
 Passwall                 Tmut/Erth      10%        N/A       8%          2
 Beastly Appendage        Tmut           14%        N/A       10%         1
 Wereblood                Tmut           7%         N/A       14%         2
 Stone Arrow              Conj/Erth      22%        3d8       19%         3
 Spider Form              Tmut/Pois      5%         N/A       34%         3
 Ozocubu's Armour         Ice            3%         N/A       41%         3
 Ozocubu's Refrigeration  Ice            1%         4d7       100%        7


Dungeon Overview and Level Annotations

Branches:
Dungeon (4/15)
 Temple: D:4-7

Altars:
Dithmenos
Nemelex Xobeh
Okawaru
Trog

Annotations:
D:3 exclusion: downstairs
D:4 Grinder


Innate Abilities, Weirdness & Mutations

You cannot wear most types of armour.
You are amphibious.
You can wear up to eight rings at the same time.
Your skin changes colour to match your surroundings (Stealth+).
Your rubbery body absorbs attacks. (AC +1, EV +1)
((You are camouflaged when in or above water. (Stealth+)))
You have tentacles for arms and can constrict up to eight enemies at once.
You have extremely sharp teeth.
You are partially covered in iridescent scales. (AC +2)


Message History

The helpless Grinder fails to defend herself.
You hit Grinder. You grab Grinder.
You constrict Grinder, but do no damage.
The helpless Grinder fails to defend herself.
You hit Grinder. You tentacle-slap Grinder.
Grinder is lightly wounded.
You constrict Grinder.
The helpless Grinder fails to defend herself.
You hit Grinder.
Grinder is lightly wounded.
You constrict Grinder.
Grinder is no longer petrified.
Grinder hits you.
You writhe in agony.
You hit Grinder.
Grinder is moderately wounded.
You constrict Grinder. Grinder gestures at you. Pain shoots through your body!
You completely miss Grinder. You squeeze Grinder.
Grinder is moderately wounded.
You constrict Grinder. Grinder gestures at you. Pain shoots through your body!
* * * LOW HITPOINT WARNING * * *
You are too injured to fight recklessly!
You are too injured to fight recklessly!
Unknown command.
Casting: Petrify (astonishingly dangerous; 45% risk of failure)
Confirm with . or Enter, or press ? or * to list all spells.
The spell is astonishingly dangerous to miscast (45% risk of failure)!
Continue anyway?
Okay, then.
You aren't carrying any items that you can evoke.
It was a potion of attraction.
You feel attractive to monsters.
You constrict Grinder. Grinder closely misses you.
It was a potion of mutation.
You feel extremely strange.
Iridescent scales grow over part of your body.
Your teeth lengthen and sharpen.
Your teeth lengthen and sharpen some more.
You constrict Grinder. Grinder hits you.
You die...

#................. ..#
#........#..#.#..#...#
#......#.#..# #?.#...#
#......#.#..###......###
#......#.#..............
########..##.#.......#.#.#.#
.....##..............#.#.#
.....##...................
..........##.#..@.........
....<##.# #.#.5....)###.#
.....##.# #.#...#.........
.....##.# #...............
.....##.# #.....#........
.....5..####..........##..
.........5................
......#.####.....#.......
......#.#....†........##..


You could see Grinder.

Vanquished Creatures
  3 gnolls (D:3)
  2 adders (D:2)
  2 worms (D:4)
  A dart slug (D:2)
  8 ball pythons
  7 bats
  4 endoplasms
  3 giant cockroaches
  4 goblins
  3 hobgoblins
  A quokka (D:1)
  3 frilled lizards
  8 kobolds
  7 rats
56 creatures vanquished.

Notes
Turn   | Place    | Note
-------+----------+-------------------------------------------
     0 | D:1      | Atelerd the Octopode Earth Elementalist began the quest for
                  | the Orb.
     0 | D:1      | Reached XP level 1. HP: 11/11 MP: 3/3
   193 | D:1      | Reached XP level 2. HP: 15/17 MP: 5/5
   616 | D:1      | Reached XP level 3. HP: 21/21 MP: 4/6
   907 | D:2      | Found a shadowy altar of Dithmenos.
  1050 | D:2      | Found a faded altar of an unknown god.
  1357 | D:2      | Reached XP level 4. HP: 27/27 MP: 6/8
  1362 | D:2      | Learned a level 4 spell: Petrify
  1673 | D:3      | Reached skill level 4 in Earth Magic
  1740 | D:3      | Found a shadowy altar of Dithmenos.
  1764 | D:3      | Found a bloodstained altar of Trog.
  1962 | D:3      | Found a sparkling altar of Nemelex Xobeh.
  2313 | D:4      | Noticed Grinder
  2323 | D:4      | Paralysed by Grinder for 3 turns
  2543 | D:4      | Found an iron altar of Okawaru.
  2569 | D:4      | Gained mutation: You are partially covered in iridescent
                  | scales. (AC +2) [potion of mutation]
  2569 | D:4      | Gained mutation: You have very sharp teeth. [potion of
                  | mutation]
  2569 | D:4      | Gained mutation: You have extremely sharp teeth. [potion of
                  | mutation]
  2569 | D:4      | Slain by Grinder

Illustrated notes

Levels and vault maps discovered:
D:1:      dpeg_arrival_rhombi, layout_loops_ring
D:2:      layout_rooms, basic_altar,
          hellmonk_ecumenical_altar_pennies_from_heaven
D:3:      layout_loops_cross, overflow_temple_1_default,
          grunt_temple_overflow_open, chequers_serial_rivers_small_b
D:4:      layout_basic, okawaru_metal_pillars_3, overflow_temple_1_default,
          dk_xom_monty_hall, amethyst_overflow_temple_binary, uniq_grinder

Skill      XL: |  1  2  3  4 |
---------------+-------------+-----
Spellcasting   | 3 |  3.5
Earth Magic    | 4 |  4.0
Fighting       | |  0.2
Short Blades   | |  0.8
Dodging        | |  2.0
Stealth        | |  2.6
Unarmed Combat | |  0.3
Transmutations | |  1.0

Action                   |  1- 3 |  4- 6 || total
-------------------------+-------+-------++-------
Melee: Short sword       |    22 |    18 ||    40
       Constrict         |     4 |     5 ||     9
       Unarmed           |     3 |       ||     3
       Tentacles         |     4 |     4 ||     8
       Punch             |       |     1 ||     1
 Cast: Sandblast         |    43 |    12 ||    55
       Petrify           |       |     2 ||     2
  Use: Potion            |       |     2 ||     2
 Stab: Sleeping          |     4 |     2 ||     6
       Petrified         |       |     3 ||     3
Armor: Skin              |     2 |     2 ||     4
Dodge: Dodged            |    33 |    10 ||    43
